 Dungeon Crawl Stone Soup version 0.30.0-10-gfe55d96785 (webtiles) character file.

Game seed: 16438465025914078268

127 monsoonserge the Cudgeller (level 5, 0/46 HPs)
             Began as a Meteoran Fighter on May 16, 2023.
             Slain by a sleepcap (3 damage)
             ... on level 4 of the Dungeon.
             The game lasted 00:05:14 (950 turns).

monsoonserge the Cudgeller (Meteoran Fighter)        Turns: 950, Time: 00:05:16

Health: 0/46       AC: 15    Str: 20    XL:     5   Next: 60%
Magic:  6/6        EV:  5    Int: 14    God:
Gold:   97         SH:  5    Dex: 13    Spells: 4/4 levels left

rFire   . . .        s - +0 hand axe (freeze)
rCold   . . .        c - +0 buckler
rNeg    . . .        f - +0 plate armour
rPois   .            (no helmet)
rElec   .            p - +2 cloak "Visafut" {rCorr Int+5 Stlth-}
rCorr   +            (no gloves)
SInv    .            (no boots)
Will    .....        (no amulet) Stlth
                     (no ring)
HPRegen 0.27/turn    (no ring)
MPRegen 0.10/turn

%: no passive effects
@: glowing
A: sense surroundings 1, otherworldly, glowing, explore regen
a: no special abilities


You were on level 4 of the Dungeon.
You visited 1 branch of the dungeon, and saw 5 of its levels.

You collected 97 gold pieces.

Inventory:

Hand Weapons
 a - a +0 flail
 s - a +0 hand axe of freezing (weapon)
Missiles
 n - 2 poisoned darts (quivered)
Armour
 b - a +0 scale mail
 c - a +0 buckler (worn)
 f - a +0 plate armour (worn)
 p - the +2 cloak "Visafut" (worn) {rCorr Int+5 Stlth-}
   (You found it on level 2 of the Dungeon)

   Int:       It affects your intelligence (+5).
   rCorr:     It protects you from acid and corrosion.
   Stlth:     It makes you less stealthy.
Jewellery
 h - a ring of magical power
Scrolls
 g - 2 scrolls of identify {unknown}
 k - a scroll of magic mapping {unknown}
 l - a scroll of teleportation {unknown}
 q - a scroll of acquirement {unknown}
 r - a scroll of noise {unknown}
Potions
 d - a potion of might
 e - a potion of heal wounds {unknown}
 i - 3 potions of lignification {unknown}
 j - 2 potions of brilliance {unknown}
 m - 2 potions of curing {unknown}
 o - a potion of mutation {unknown}


   Skills:
 + Level 3.9 Fighting
 - Level 5.0 Maces & Flails
 + Level 4.5 Armour
 + Level 4.1 Shields


You had 4 spell levels left.
You didn't know any spells.
Your spell library contained the following spells:

 Spells                   Type           Power      Damage    Failure   Level
 Static Discharge         Conj/Air       0%         2-2/arc   100%        2
 Airstrike                Air            0%         2d(0-16)  100%        4
 Summon Lightning Spire   Summ/Air       0%         N/A       100%        4


Dungeon Overview and Level Annotations

Branches:
Dungeon (5/15) Zot: 2014
 Temple: D:4-7

Altars:


Innate Abilities, Weirdness & Mutations

You passively map a small area around you.
You are easily found by Zot.
You glow in the dark.
You regain HP and MP as you explore.


Message History

The sleepcap is heavily damaged.
You hit the iguana but do no damage. You hit the orc. You freeze the orc.
You kill the orc!
You hit the iguana but do no damage.
The iguana is no longer moving slowly.
The iguana bites you but does no damage.
The iguana barely misses you.
The sleepcap releases spores at you but does no damage.
You hit the sleepcap. You freeze the sleepcap.
The sleepcap is severely damaged.
You barely miss the iguana. You hit the iguana but do no damage.
The iguana bites you.
The sleepcap releases spores at you but does no damage.
You block the iguana's attack.
You hit the sleepcap but do no damage.
The sleepcap is severely damaged.
You hit the iguana.
The iguana seems to slow down.
You freeze the iguana. You hit the iguana but do no damage.
The iguana bites you. The sleepcap releases spores at you.
* * * LOW HITPOINT WARNING * * *
You block the iguana's attack.
You hit the sleepcap. You freeze the sleepcap.
The sleepcap is severely damaged.
You barely miss the iguana. You hit the iguana but do no damage.
The iguana barely misses you. The sleepcap barely misses you.
The iguana bites you but does no damage.
The iguana completely misses you.
You hit the sleepcap but do no damage.
The sleepcap is severely damaged.
You barely miss the iguana. You hit the iguana but do no damage.
You block the sleepcap's attack. The iguana bites you.
* * * LOW HITPOINT WARNING * * *
You block the sleepcap's attack.
You hit the sleepcap but do no damage.
The sleepcap is severely damaged.
You closely miss the iguana. You barely miss the iguana. The iguana bites you.
* * * LOW HITPOINT WARNING * * *
The iguana bites you.
* * * LOW HITPOINT WARNING * * *
The sleepcap releases spores at you.
You die...

* #........ , ,
##...... , , #.##.##
, * #..#.# , , ,, *
#..#.# * #..#.#
#..#.# ,
##############..#.##
#..@)...............
#.fll.....####..#.##
#.........# #..#.#*
, #.........# #..#.#
########### #..#.#*
* ,,, #..#.#* *,, ,
* #..#.# , , ...#.#
, *


You could see a sleepcap and 2 iguanas.

Vanquished Creatures
  A scorpion (D:3)
  3 adders
  A dart slug (D:1)
  An orc (D:4)
  2 ball pythons (D:3)
  4 bats (D:1)
  3 endoplasms
  4 giant cockroaches
  3 goblins (D:1)
  4 hobgoblins
  A quokka (D:3)
  2 frilled lizards
  3 kobolds
  3 rats (D:1)
35 creatures vanquished.

Notes
Turn   | Place    | Note
-------+----------+-------------------------------------------
     0 | D:1      | monsoonserge the Meteoran Fighter began the quest for the
                  | Orb.
     0 | D:1      | Reached XP level 1. HP: 19/19 MP: 2/2
   103 | D:1      | Reached XP level 2. HP: 26/26 MP: 3/3
   252 | D:1      | Reached skill level 3 in Maces & Flails
   278 | D:1      | Reached XP level 3. HP: 28/31 MP: 4/4
   618 | D:3      | Noticed a scorpion
   625 | D:3      | Killed a scorpion
   626 | D:3      | Reached skill level 4 in Maces & Flails
   626 | D:3      | Reached XP level 4. HP: 29/40 MP: 5/5
   626 | D:3      | Reached XP level 5. HP: 33/46 MP: 6/6
   762 | D:2      | Identified the +2 cloak "Visafut" {rCorr Int+5 Stlth-}
   887 | D:4      | Reached skill level 5 in Maces & Flails
   935 | D:5      | Entered Level 5 of the Dungeon
   950 | D:4      | Slain by a sleepcap

Illustrated notes

Levels and vault maps discovered:
D:1:      dpeg_arrival_tiny_a, layout_loops_ring,
          hangedman_abyss_or_decor_stabs, serial_park_tiny_2
D:2:      layout_basic, kennysheep_generic_room_6, uniq_robin
D:3:      layout_loops_ring, zin_academy, corexii_leaking_fountain, uniq_ijyb
D:4:      layout_basic, serial_bayou_lake_a, uniq_grinder, uniq_sigmund
D:5:      layout_basic, nicolae_ru_the_path_less_chosen, st_stairs_11,
          kennysheep_opposing_triangles, uniq_edmund

Skill      XL: |  1  2  3  4  5 |
---------------+----------------+-----
Armour         | 4 |  4.5
Maces & Flails | 3 4 5 |  5.0
Shields        | 4 |  4.1
Fighting       | |  3.9

Action                     |  1- 3 |  4- 6 || total
---------------------------+-------+-------++-------
  Melee: Flail             |    79 |    40 ||   119
         Hand axe          |       |    17 ||    17
 Armour: Scale mail        |     6 |       ||     6
         Plate armour      |    36 |    52 ||    88
  Dodge: Dodged            |    14 |    12 ||    26
  Block: Buckler           |    25 |    19 ||    44
